[Event "Early-Titled-Tuesday-Blitz-February-06-2024"]
[Site "Chess.com"]
[Date "2024.02.06"]
[Round "8"]
[White "Actuary44"]
[Black "bylavochka"]
[Result "0-1"]
[WhiteElo "2474"]
[BlackElo "2328"]
[TimeControl "180+1"]
[EndTime "9:28:43 PST"]
[Termination "bylavochka won by checkmate"]

1. e4 c5 2. d4 cxd4 3. c3 Nf6 4. Bd3 d6 5. f4 g6 6. cxd4 Bg7 7. Nf3 O-O 8. O-O Nc6 9. Nc3 Bg4 10. Be3 Bd7 11. h3 Rc8 12. Qe1 Na5 13. Rd1 Nc4 14. Bc1 a6 15.
Qh4 b5 16. e5 b4 17. Ne2 Nd5 18. Bxc4 Rxc4 19. Ng5 h6 20. Ne4 Qb6 21. N2g3 Rxd4 22. Kh2 Bb5 23. Rfe1 dxe5 24. f5 Rxd1 25. Rxd1 Ne3 26.
Bxe3 Qxe3 27. fxg6 fxg6 28. Qxe7 Rf4 29. Rd8+ Kh7 30. Qe6 h5 31. Ng5+ Kh6 32. Nf7+ Kh7 33. Qc8 Rxf7 34. Qe6 Qf4 35. Kh1 Qc1+ 36. Kh2 Qf4 37.
Kh1 Rf6 38. Qb3 Bf1 39. Rd7 Bxg2+ 40. Kxg2 Qf2+ 41. Kh1 Qe1+ 42. Kg2 Rf2# 0-1

[Event "Early-Titled-Tuesday-Blitz-February-06-2024"]
[Site "Chess.com"]
[Date "2024.02.06"]
[Round "8"]
[White "KorolDimitriy75"]
[Black "tylityli"]
[Result "1-0"]
[WhiteElo "2378"]
[BlackElo "2248"]
[TimeControl "180+1"]
[EndTime "9:28:43 PST"]
[Termination "KorolDimitriy75 won on time"]

1. d4 Nf6 2. c4 e6 3. Nc3 Bb4 4. Qc2 O-O 5. e4 d6 6. e5 dxe5 7.
dxe5 Bxc3+ 8. bxc3 Nfd7 9. Nf3 b6 10. Qe4 c6 11. Bd3 g6 12. Bg5 Nc5 13. Bxd8 Nxe4 14. Be7 Re8 15. Bb4 Nc5 16. Bxc5 bxc5 17. Be4 Ba6 18. Nd2 Rc8 19. Ke2 Nd7 20. f4 Nb6 21.
Bd3 Na4 22. Rhc1 Rab8 23. Nb3 Nb2 24. Nxc5 Bxc4 25. Bxc4 Nxc4 26. Rab1 Nb6 27. Ne4 Nd5 28. g3 Kf8 29. a3 Ke7 30. c4 Nb6 31. Nd6 Rd8 32. Rb4 Nd7 33. Rcb1 c5 34. Rb7 f6 35. Ke3 g5 36. Ke4 h6 37. R1b5 fxe5 38. fxe5 Rf8 39.
Rxa7 1-0

[Event "Early-Titled-Tuesday-Blitz-February-06-2024"]
[Site "Chess.com"]
[Date "2024.02.06"]
[Round "8"]
[White "ChessRespected"]
[Black "AradNazari"]
[Result "0-1"]
[WhiteElo "2564"]
[BlackElo "2782"]
[TimeControl "180+1"]
[EndTime "9:28:44 PST"]
[Termination "AradNazari won on time"]

1. d4 Nf6 2. Nf3 g6 3. g3 Bg7 4. Bg2 O-O 5. c4 c6 6. Nc3 d5 7.
Qb3 dxc4 8. Qxc4 Nd5 9. Nxd5 cxd5 10. Qb3 Nc6 11. O-O Na5 12. Qb4 Nc6 13. Qb3 b6 14. Bf4 e6 15. Rac1 Nxd4 16. Nxd4 Bxd4 17. Rfd1 Qf6 18.
e4 e5 19. Be3 Bg4 20. Rd2 dxe4 21. Bxe4 Rad8 22. Rc6 Qe7 23. Bxd4 exd4 24. f3 Bf5 25.
Qd3 Bxe4 26. Qxe4 Qb4 27. Qf4 Rfe8 28. Rc7 Re7 29. a3 Qxd2 30. Qxd2 Rxc7 31. Qd3 Re7 32. Kf2 Red7 33. h4 h5 34. g4 Rd5 35. g5 b5 36. Kg3 a6 37. b4 Re5 38. Kf2 Re3 39.
Qc2 Rc3 40. Qe2 d3 41. Qe7 Rcc8 0-1

[Event "Early-Titled-Tuesday-Blitz-February-06-2024"]
[Site "Chess.com"]
[Date "2024.02.06"]
[Round "8"]
[White "agvania123"]
[Black "djano"]
[Result "0-1"]
[WhiteElo "2341"]
[BlackElo "2612"]
[TimeControl "180+1"]
[EndTime "9:28:44 PST"]
[Termination "djano won by checkmate"]

1. c4 e6 2. Nc3 d5 3. cxd5 exd5 4. d4 c5 5. Nf3 Nc6 6. e3 Nf6 7. Be2 Bd6 8. dxc5 Bxc5 9. O-O O-O 10. b3 a6 11. Bb2 Bd6 12. Rc1 Bf5 13. Kh1 Bc7 14. Na4 Ne4 15. Nc5 Nxc5 16. Rxc5 Be4 17. Rc1 Qd6 18.
g3 Rfd8 19. Bd3 Qh6 20. Qe2 Qh5 21. Kg2 Be5 22. Bxe5 Qxe5 23. Bxe4 Qxe4 24. Qc2 Nb4 25. Qxe4 dxe4 26. Nd4 Nxa2 27. Rc7 b5 28. Ra1 Nb4 29. Rac1 Nd5 30. Rb7 g6 31. Rc5 Rd6 32. Nc6 Kg7 33.
Ne5 Rf8 34. Nd7 Re8 35. Nb8 Ree6 36. Rc8 h5 37. h3 b4 38. h4 Rf6 39. Ra7 Nc3 40.
Rcc7 Rd2 41. Nd7 Rfxf2+ 42. Kg1 Rg2+ 43. Kh1 Rge2 44. Ne5 Rd1# 0-1

[Event "Early-Titled-Tuesday-Blitz-February-06-2024"]
[Site "Chess.com"]
[Date "2024.02.06"]
[Round "8"]
[White "emeli_chess"]
[Black "WiktoriaPOL"]
[Result "0-1"]
[WhiteElo "2402"]
[BlackElo "2277"]
[TimeControl "180+1"]
[EndTime "9:28:44 PST"]
[Termination "WiktoriaPOL won by checkmate"]

1. d4 Nf6 2. c4 g6 3. Nc3 Bg7 4. e4 d6 5. f3 O-O 6. Be3 e5 7. d5 Nh5 8. Qd2 f5 9. O-O-O f4 10. Bf2 a6 11. Nge2 Bd7 12. c5 Qe7 13. cxd6 cxd6 14. Kb1 b5 15. Nc1 b4 16. N3e2 a5 17. Nd3 Ba4 18.
Rc1 Na6 19. g4 fxg3 20. Nxg3 Nf4 21. Be3 Nxd3 22. Bxd3 Rxf3 23. Rhf1 Rxf1 24. Rxf1 Nc7 25. Bg5 Qd7 26. h4 Rf8 27. Rxf8+ Bxf8 28. h5 Qg4 29. Bd8 Nb5 30. Qe1 Nd4 31. b3 Qf3 32. Bc2 Bb5 33.
Bd1 Qd3+ 34. Ka1 a4 35. Ba5 axb3 36. axb3 Nxb3+ 37. Bxb3 Qxb3 38. Bxb4 Bc4 39. Qd2 Qxg3 40.
Kb2 Qb3+ 41. Kc1 Qd3 42. Qe1 Bh6+ 43. Kb2 Qb3+ 44. Ka1 Qa2# 0-1

[Event "Early-Titled-Tuesday-Blitz-February-06-2024"]
[Site "Chess.com"]
[Date "2024.02.06"]
[Round "8"]
[White "mitrabhaa"]
[Black "FabianoCaruana"]
[Result "0-1"]
[WhiteElo "2914"]
[BlackElo "3057"]
[TimeControl "180+1"]
[EndTime "9:28:45 PST"]
[Termination "FabianoCaruana won by resignation"]

1. d4 Nf6 2. Nf3 d5 3. Bf4 e6 4. e3 Bd6 5. Nbd2 O-O 6. Bd3 b6 7. c3 Ba6 8. Bxa6 Nxa6 9. Qe2 Nb8 10. a4 a5 11. O-O Nc6 12. Bg5 h6 13. Bxf6 Qxf6 14. e4 dxe4 15. Nxe4 Qd8 16. Rfe1 Ne7 17. Rad1 Nd5 18. Qb5 Qe8 19. Qb3 Rd8 20. Ned2 Be7 21. Nc4 Rb8 22. Ne3 Nxe3 23. Rxe3 Bd6 24. Qb5 c6 25. Qe2 b5 26. axb5 Rxb5 27. Ra1 Qb8 28. Ra2 Qc7 29. g3 Rfb8 30. Ne1 c5 31.
dxc5 Bxc5 32. Re4 Be7 33. Nd3 Rd5 34. Nf4 Rf5 35. Qc4 Qb7 36. h4 Rd8 37. Qe2 Bc5 38.
Rea4 Bb6 39. Ra1 Qe7 40. Rd1 Rxd1+ 41. Qxd1 Qc7 42. Qd3 g5 43. Rc4 Qb7 44. hxg5 hxg5 45. Nh3 Rf3 46. Qe4 Qxe4 47. Rxe4 Rxg3+ 48. Kh2 Rd3 49. Re5 Bc7 0-1

[Event "Early-Titled-Tuesday-Blitz-February-06-2024"]
[Site "Chess.com"]
[Date "2024.02.06"]
[Round "8"]
[White "Denis_Makhnyov"]
[Black "VitaliyBernadskiy"]
[Result "0-1"]
[WhiteElo "3014"]
[BlackElo "2927"]
[TimeControl "180+1"]
[EndTime "9:28:45 PST"]
[Termination "VitaliyBernadskiy won on time"]

1. d4 d5 2. c4 c6 3. Nf3 Nf6 4. Qb3 e6 5. Nc3 Nbd7 6. Bf4 Be7 7.
e3 O-O 8. h3 dxc4 9. Bxc4 b5 10. Be2 a6 11. O-O c5 12. Rfd1 Bb7 13. Ne5 c4 14. Qc2 Rc8 15. a3 Nd5 16. Bh2 Nxe5 17. dxe5 Qb6 18. Ne4 c3 19. b3 b4 20. Nd6 bxa3 21. Bc4 f6 22. e4 Nb4 23. Nxc8 Nxc2 24. Nxb6 Nxa1 25. Rxa1 Rd8 26. Bxe6+ Kf8 27. Bd5 c2 28.
Kf1 Bxd5 29. Nxd5 Rb8 30. b4 Bxb4 31. Bf4 fxe5 32. Bc1 Bd6 33. Nc3 Rb3 34. Ne2 Rd3 35. f4 Bc5 36. g3 Rd1+ 37. Kg2 Re1 38. Nc3 exf4 39. gxf4 Kf7 40. Bb2 axb2 41. Rxe1 c1=Q 0-1

[Event "Early-Titled-Tuesday-Blitz-February-06-2024"]
[Site "Chess.com"]
[Date "2024.02.06"]
[Round "8"]
[White "SantoBlue"]
[Black "azikom"]
[Result "0-1"]
[WhiteElo "2972"]
[BlackElo "2718"]
[TimeControl "180+1"]
[EndTime "9:28:46 PST"]
[Termination "azikom won by resignation"]

1. e4 Nf6 2. e5 Nd5 3. d4 d6 4. c4 Nb6 5. f4 dxe5 6. fxe5 Bf5 7. Nc3 e6 8. Be3 Bb4 9. Nf3 O-O 10. Be2 c5 11. dxc5 Qxd1+ 12. Rxd1 Na4 13. Kf2 Nxb2 14.
Rc1 Na6 15. Nb5 Nxc5 16. Kg3 Ne4+ 17. Kf4 h6 18. h4 Be7 19. Nfd4 Bh7 20. h5 a6 21. Nc3 Nc5 22. Kf3 Rad8 23. Rcg1 f6 24. Kg3 fxe5 25. Nf3 Nbd3 26. Nh4 e4 27. Ng6 Bxg6 28.
hxg6 Rf6 29. Bh5 Bd6+ 30. Kh4 Bf4 31. Rh3 Bxe3 32. Rxe3 Rd4 33. g4 Kf8 34. Ne2 Rxc4 35. Rb1 b5 36. Ng3 Ke7 37. g5 Rf4+ 38. Kh3 hxg5 39. Be2 Rc2 40. Nh5 Rh4+ 41. Kg3 Rxe2 42. Rxe2 Rxh5 43. a4 bxa4 44. Rb8 Rh6 45. Kg4 Rxg6 46.
Rh2 Rf6 47. Rhh8 Rf1 48. Rbd8 Nd7 49. Rhe8+ Kd6 50. Kg3 e3 51. Ra8 N3c5 0-1

[Event "Early-Titled-Tuesday-Blitz-February-06-2024"]
[Site "Chess.com"]
[Date "2024.02.06"]
[Round "8"]
[White "CarlosjPineror"]
[Black "ChessSG1"]
[Result "1-0"]
[WhiteElo "2698"]
[BlackElo "2430"]
[TimeControl "180+1"]
[EndTime "9:28:46 PST"]
[Termination "CarlosjPineror won on time"]

1. e4 c5 2. Nf3 e6 3. g3 Nf6 4.
Qe2 Nc6 5. c3 e5 6. Bg2 d6 7.
O-O g6 8. d4 cxd4 9. cxd4 Bg4 10. dxe5 dxe5 11. Nc3 Nd4 12. Qd1 Bg7 13. Qa4+ Bd7 14. Qa3 Nc2 15. Qd6 Nxa1 16. Bg5 Qb6 17.
Qxe5+ Qe6 18. Rxa1 Qxe5 19. Nxe5 Be6 20. Nd3 O-O 21. Nc5 h6 22. Bf4 Nd7 23. Nxb7 Rac8 24. Nd6 Rb8 25. Ndb5 Be5 26. Bxe5 Nxe5 27. f4 Nc4 28. b3 Ne3 29. Nd6 Nxg2 30. Kxg2 Rfd8 31. e5 f6 32. Rd1 fxe5 33. fxe5 Rd7 34. Nce4 Kg7 35. Nc5 Re7 36. Nce4 Bg4 37. Rd5 Rf8 38. Nf6 Be6 39. Rc5 Bd7 40. h4 a6 41. g4 g5 42. hxg5 hxg5 43. Kg3 Kg6 44. Nde4 Be6 45. Rc6 Rh8 46. Rxa6 Rh1 47. Rd6 Ra1 48. a4 Ra3 49. Nc5 Kf7 50. Rd3 Bd5 51. Nxd5 1-0

[Event "Early-Titled-Tuesday-Blitz-February-06-2024"]
[Site "Chess.com"]
[Date "2024.02.06"]
[Round "8"]
[White "FMOlexandrProhorov"]
[Black "HittingRookBottom"]
[Result "1-0"]
[WhiteElo "2293"]
[BlackElo "1992"]
[TimeControl "180+1"]
[EndTime "9:28:48 PST"]
[Termination "FMOlexandrProhorov won by resignation"]

1. d4 c6 2. c4 d5 3. Nc3 Bf5 4. cxd5 cxd5 5. Qb3 Qd7 6. Qxd5 Qxd5 7. Nxd5 Kd8 8. Bf4 Nc6 9. O-O-O e6 10. Nc3 Rc8 11.
e4 Bg6 12. f3 Nb4 13. Kb1 Nf6 14. g4 h6 15. a3 Nc6 16. Bg2 Be7 17. Nge2 Na5 18.
h4 Kd7 19. h5 Bh7 20. Rhe1 Rhd8 21. Be3 Ke8 22. Bc1 Nb3 23. Nf4 Nxc1 24. Kxc1 Bxa3 25. Nd3 Be7 26. Ne5 Bd6 27. Bf1 Bb4 28. Kc2 a6 29. Rd3 Nd7 30. Red1 f6 31. Nxd7 Rxd7 32. Kb3 Be7 33.
Be2 Rdc7 34. d5 exd5 35. Nxd5 Bg8 36. Rc3 Rxc3+ 37. bxc3 b5 38. Ra1 Rc6 39. Kb2 Bxd5 40. exd5 Rd6 41. Bd3 Rxd5 42. Bg6+ Kd7 43. Rxa6 Rd2+ 44.
Kb3 Rd6 45. Ra7+ Ke6 46. Bf5+ Kf7 47. Rb7 Rd5 48. Bg6+ Ke6 49. Bh7 Re5 50. Bg8+ Kd6 51. Rb6+ Kc5 52. Rb8 Re3 53. Rc8+ Kb6 54. Bf7 Rxf3 55.
Be8 Bd6 56. Rc6+ Kb7 57. Rxd6 Rf4 58. Bd7 Kc7 59. Rd1 Kb6 60. Bf5 Kc7 61. Rd4 Rxd4 62. cxd4 Kd6 63. Kb4 Kd5 64. Kxb5 Kxd4 65. Kc6 Ke5 66.
Kd7 Kf4 67. Ke7 Kg3 68. Kf7 Kf4 69. Kxg7 Kg5 70. Kh7 Kf4 71. Kxh6 Ke5 72. Kg6 1-0

[Event "Early-Titled-Tuesday-Blitz-February-06-2024"]
[Site "Chess.com"]
[Date "2024.02.06"]
[Round "8"]
[White "goodwilll"]
[Black "Willhaven3"]
[Result "0-1"]
[WhiteElo "2499"]
[BlackElo "2621"]
[TimeControl "180+1"]
[EndTime "9:28:49 PST"]
[Termination "Willhaven3 won on time"]

1. d4 Nf6 2. Nf3 e6 3. c4 d5 4. Nc3 Bb4 5. e3 O-O 6. Bd3 c5 7. O-O Nc6 8. cxd5 Nxd5 9. Bd2 cxd4 10. exd4 Nf6 11. Bg5 Be7 12. Rc1 Nb4 13. Bb1 b6 14. Ne5 Bb7 15. Re1 Rc8 16. a3 Nbd5 17. Qd3 g6 18. Ba2 Nxc3 19. bxc3 Bxa3 20. Ng4 Be7 21.
Nh6+ Kg7 22. Qh3 Nh5 23. Bxe7 Qxe7 24. Nf5+ gxf5 25. Qxh5 Qf6 26. Re3 Kh8 27. Rg3 Rg8 28. Bb3 Rg6 29. Qe2 Rxg3 30. hxg3 Qg5 31. Qe3 Qxe3 32.
fxe3 Be4 33. c4 Kg7 34. Ra1 Rc7 35. Kf2 Kg6 36. Ra4 h5 37. Bd1 Kg5 38. Be2 h4 39. gxh4+ Kxh4 40. Ra1 Kg5 41. Rh1 Kg6 42. Rh8 Kg7 43. Ra8 Bxa8 0-1

[Event "Early-Titled-Tuesday-Blitz-February-06-2024"]
[Site "Chess.com"]
[Date "2024.02.06"]
[Round "8"]
[White "N4700000"]
[Black "Sadykov_Ramil"]
[Result "1/2-1/2"]
[WhiteElo "2431"]
[BlackElo "2588"]
[TimeControl "180+1"]
[EndTime "9:28:50 PST"]
[Termination "Game drawn - insufficient material"]

1. e4 c5 2. Nf3 e6 3. c4 Nc6 4. Nc3 Nd4 5. Be2 Ne7 6. O-O g6 7. Nxd4 cxd4 8. Nb5 Nc6 9. d3 a6 10. Na3 Bg7 11. f4 O-O 12. f5 exf5 13. exf5 d5 14. fxg6 hxg6 15. Bf3 Be6 16. Bf4 Rc8 17. Qd2 Ne5 18.
Bxe5 Bxe5 19. Rae1 Qd6 20. cxd5 Bxh2+ 21. Kh1 Bf4 22. Qf2 Be3 23. Qh4 Bxd5 24. Bxd5 Qxd5 25. Nc4 Rfe8 26. Rf3 Kg7 27. Nxe3 dxe3 28. Kg1 Rc2 29. Qf6+ Kg8 30. a3 Rf2 31. Rxf2 exf2+ 32. Qxf2 Rxe1+ 33.
Qxe1 Qxd3 34. Qe8+ Kg7 35. Qe5+ Kh7 36. Qh2+ Kg7 37. Qe5+ Kh6 38. Qh2+ Kg5 39. Qe5+ f5 40. Qe7+ Kg4 41. Qxb7 Kg3 42. Qc7+ f4 43. Qc3 Qe3+ 44. Qxe3+ fxe3 45. Kf1 e2+ 46. Kxe2 Kxg2 47. b4 g5 48. a4 g4 49. b5 axb5 50. axb5 Kh1 51. b6 g3 52. b7 g2 53. b8=Q g1=Q 54. Qh8+ Qh2+ 55.
Qxh2+ Kxh2 1/2-1/2

[Event "Early-Titled-Tuesday-Blitz-February-06-2024"]
[Site "Chess.com"]
[Date "2024.02.06"]
[Round "8"]
[White "jcreyes69"]
[Black "HanSchut"]
[Result "1-0"]
[WhiteElo "2398"]
[BlackElo "2263"]
[TimeControl "180+1"]
[EndTime "9:28:50 PST"]
[Termination "jcreyes69 won by checkmate"]

1. e4 c5 2. Nf3 d6 3. c3 Nf6 4. h3 Bd7 5. Bd3 Nc6 6. O-O e5 7. Bc2 Be7 8. d4 cxd4 9. cxd4 O-O 10. Nc3 Rc8 11. Be3 a6 12. Bb3 Na5 13. dxe5 dxe5 14.
Nxe5 Nxb3 15. Qxb3 Be6 16. Qxb7 Rb8 17. Qxa6 Rxb2 18. Nc6 Qe8 19. Rfd1 Bb4 20. Nxb4 Rxb4 21. Bc5 Rc4 22. Bxf8 Rxc3 23. Bb4 Rc4 24. Ba5 Ra4 25. Qb6 Nd7 26. Qb5 Rxe4 27. Rac1 Re5 28. Qxe5 Nxe5 29. Rd8 Qxd8 30. Bxd8 f6 31. a4 Nd3 32. Rc7 Nb4 33.
a5 Nd5 34. Rb7 Bc8 35. Rb8 Be6 36. Bxf6+ Kf7 37. Bd4 Nf4 38. Be3 Ne2+ 39. Kh2 Nc3 40. a6 Nd5 41. a7 Kg6 42. a8=Q Nxe3 43. fxe3 Bf5 44. Qf3 h5 45. Rb6+ Kg5 46. Qf4# 1-0

[Event "Early-Titled-Tuesday-Blitz-February-06-2024"]
[Site "Chess.com"]
[Date "2024.02.06"]
[Round "8"]
[White "wadsy27"]
[Black "RobertoJBM"]
[Result "0-1"]
[WhiteElo "2625"]
[BlackElo "2811"]
[TimeControl "180+1"]
[EndTime "9:28:51 PST"]
[Termination "RobertoJBM won by resignation"]

1. c4 c6 2. g3 d5 3. Nf3 dxc4 4.
Bg2 b5 5. a4 Bb7 6. O-O a6 7.
d3 cxd3 8. Ne5 e6 9. Qxd3 Qxd3 10.
Nxd3 Nd7 11. Be3 Ngf6 12. Rc1 Nd5 13. Bd4 f6 14. e4 Nb4 15. Nxb4 Bxb4 16. e5 fxe5 17.
Be3 Nf6 18. axb5 axb5 19. Rxa8+ Bxa8 20. Bxc6+ Bxc6 21. Rxc6 Kd7 22. Rb6 Kc7 23. Rxb5 Nd5 24. Nc3 Kc6 25. Nxd5 Kxb5 26. Nc7+ Kc6 27. Nxe6 g6 28. Ng5 Kd5 29. Kg2 Be7 30. Nf3 Rc8 31.
Bd2 e4 32. Ne1 Bf6 33. b4 Bc3 34. Bxc3 Rxc3 35. g4 g5 36. Kf1 Kc4 37. Ng2 Kxb4 38. Ne3 Kc5 39. Kg2 Kd4 40. Nf5+ Ke5 41. h4 Kf4 42. hxg5 Kxg4 43. Ng3 Rxg3+ 44. fxg3 Kxg5 45. Kf2 Kg4 46. Ke3 Kxg3 47. Kxe4 h5 0-1

[Event "Early-Titled-Tuesday-Blitz-February-06-2024"]
[Site "Chess.com"]
[Date "2024.02.06"]
[Round "8"]
[White "Suleyman_Chess06"]
[Black "the_chess_child"]
[Result "1-0"]
[WhiteElo "2695"]
[BlackElo "2868"]
[TimeControl "180+1"]
[EndTime "9:28:52 PST"]
[Termination "Suleyman_Chess06 won by resignation"]

1. Nf3 Nf6 2. g3 g6 3. Bg2 Bg7 4. O-O c5 5. d4 cxd4 6. Nxd4 O-O 7. c4 d5 8. cxd5 Nxd5 9. Nc3 Nxc3 10. bxc3 Nc6 11. Nxc6 bxc6 12. Bxc6 Bh3 13. Bg2 Bxg2 14. Qxd8 Rfxd8 15. Kxg2 Bxc3 16. Rb1 Rab8 17. Be3 a5 18.
Rxb8 Rxb8 19. Rc1 Bb4 20. Rc7 f6 21. Bf4 g5 22. Be3 Kf7 23. a4 Rd8 24. Bc5 Bxc5 25.
Rxc5 Rd2 26. e3 Ra2 27. Rxa5 e5 28. g4 Kg6 29. h3 e4 30. Ra8 h5 31. a5 h4 32. a6 Ra1 33. Ra7 Kh6 34. Ra8 Kg6 35. a7 Kg7 36. Kh2 Ra2 37. Kg1 Ra1+ 38. Kg2 Ra2 39. Kf1 Ra1+ 40. Ke2 Ra2+ 41. Kd1 Ra3 42.
Kc2 Ra6 43. Kc3 Ra3+ 44. Kd4 Ra4+ 45. Kd5 Kh7 46. Ke6 Kg7 47. Kf5 Ra5+ 48. Kxe4 Ra2 49. Kd5 Ra4 50. Kc6 Ra1 51. e4 Rc1+ 52. Kd6 Rd1+ 53. Ke6 Ra1 54. Rd8 Ra6+ 55. Rd6 Rxa7 56. Rd7+ Rxd7 57. Kxd7 Kf7 58. Kd6 Kg6 59. Ke7 Kg7 60.
f3 Kg6 61. Kf8 Kh6 62. Kf7 1-0

[Event "Early-Titled-Tuesday-Blitz-February-06-2024"]
[Site "Chess.com"]
[Date "2024.02.06"]
[Round "8"]
[White "Meri-Arabidze"]
[Black "valeriocarnicelli"]
[Result "1-0"]
[WhiteElo "2730"]
[BlackElo "2534"]
[TimeControl "180+1"]
[EndTime "9:28:52 PST"]
[Termination "Meri-Arabidze won by resignation"]

1. Nf3 Nf6 2. b3 g6 3. Bb2 Bg7 4. g3 O-O 5. Bg2 d5 6. O-O c6 7.
c4 Bg4 8. d3 Qc8 9. Nbd2 Bh3 10. e4 dxe4 11. dxe4 Rd8 12. Qe2 Bxg2 13. Kxg2 a5 14.
e5 Ne8 15. Ne4 Nc7 16. Rad1 Ne6 17. Rxd8+ Qxd8 18. Rd1 Qc8 19. Nfg5 Na6 20. Qf3 Nxg5 21. Nxg5 Qe8 22. e6 f6 23. Ne4 Rd8 24. h4 b6 25.
Re1 Nc7 26. Nc3 Rd6 27. Na4 c5 28. Nc3 Qc6 29. Qxc6 Rxc6 30. Nd5 Nxd5 31. cxd5 Rd6 32. Rd1 f5 33. Bxg7 Kxg7 34. f4 Kf8 35. Kf3 Ke8 36. g4 Kd8 37. h5 Kc7 38. h6 fxg4+ 39. Kxg4 Rd8 40. f5 gxf5+ 41. Kxf5 Kd6 42. Rg1 Rf8+ 43.
Ke4 Rf6 44. Rg8 Rxh6 45. Rd8+ Kc7 46. Rd7+ Kc8 47. Rxe7 Rh4+ 48. Ke5 Rh5+ 49. Kd6 1-0

[Event "Early-Titled-Tuesday-Blitz-February-06-2024"]
[Site "Chess.com"]
[Date "2024.02.06"]
[Round "8"]
[White "Laico"]
[Black "mortngabriel"]
[Result "0-1"]
[WhiteElo "2369"]
[BlackElo "2513"]
[TimeControl "180+1"]
[EndTime "9:28:52 PST"]
[Termination "mortngabriel won by resignation"]

1. e4 c5 2. Nc3 Nc6 3. f4 g6 4.
Nf3 Bg7 5. Bb5 Nd4 6. O-O a6 7. Bc4 e6 8. d3 b5 9. Bb3 Nxb3 10.
axb3 Bb7 11. f5 Ne7 12. fxe6 dxe6 13. Ng5 O-O 14. Qg4 h6 15. Nf3 Nc6 16. Qh3 h5 17. g4 hxg4 18. Qxg4 Nd4 19. Qh3 Nxf3+ 20. Rxf3 c4 21.
bxc4 bxc4 22. Bh6 Bxh6 23. Qxh6 Qd4+ 24. Kh1 cxd3 25. cxd3 Rad8 26. Raf1 Qg7 27. Qg5 f5 28. Rg1 fxe4 29. Rxf8+ Rxf8 30. dxe4 Rf3 31. Qxg6 Qxg6 32.
Rxg6+ Kf7 33. Rg3 Rf4 34. Re3 Rf2 35. Na4 Rc2 36. Kg1 Kf6 37. e5+ Kf5 38. h4 Bc6 39.
b3 Rg2+ 40. Kf1 Rh2 41. Nb2 Rxb2 42. Rh3 Bg2+ 43. Ke1 Bxh3 44. h5 Bg4 45. h6 Kg6 46.
h7 Kxh7 0-1

[Event "Early-Titled-Tuesday-Blitz-February-06-2024"]
[Site "Chess.com"]
[Date "2024.02.06"]
[Round "8"]
[White "HajiyevKanan"]
[Black "Sokoloco"]
[Result "0-1"]
[WhiteElo "2616"]
[BlackElo "2789"]
[TimeControl "180+1"]
[EndTime "9:28:53 PST"]
[Termination "Sokoloco won on time"]

1. d4 d6 2. Nf3 g6 3. g3 Bg7 4.
Bg2 Nf6 5. O-O O-O 6. b3 e5 7.
dxe5 Ng4 8. Bb2 Nc6 9. c4 Ngxe5 10. Nc3 Nxf3+ 11. exf3 b6 12. Qd2 Bb7 13. Nd5 Ne7 14. Bxg7 Kxg7 15. Qd4+ f6 16. Nf4 Qd7 17. Rfe1 Rf7 18.
Bh3 Nf5 19. Qd3 Kg8 20. Ne6 Re8 21. Nd4 Bc8 22. Rxe8+ Qxe8 23. Nxf5 gxf5 24. Bxf5 Qe5 25. Bxc8 Qxa1+ 26. Kg2 Qe5 27. f4 Qe8 28. Bb7 c6 29. Ba6 Qe6 30. f5 Qd7 31. b4 Re7 32. b5 Re5 33. g4 Kg7 34. Kg3 h6 35. f4 Re1 36.
bxc6 Qxc6 37. Bb5 Qc5 38. Kh4 Re3 39. Qd2 Qa3 40. Qg2 Qd3 41. Qb7+ Kf8 42. Qc8+ Kf7 43. Qd7+ Re7 44. Qc6 Qe3 45. Qd5+ Kg7 46. h3 Qxf4 0-1

[Event "Early-Titled-Tuesday-Blitz-February-06-2024"]
[Site "Chess.com"]
[Date "2024.02.06"]
[Round "8"]
[White "Mesa_1"]
[Black "PavelShkapenko"]
[Result "1-0"]
[WhiteElo "2569"]
[BlackElo "2749"]
[TimeControl "180+1"]
[EndTime "9:28:53 PST"]
[Termination "Mesa_1 won by resignation"]

1. e4 e5 2. Nf3 Nc6 3. Bb5 Bc5 4. O-O d6 5. b4 Bb6 6. a3 Ne7 7. Bb2 O-O 8. d4 Bg4 9. d5 Nb8 10. Be2 h6 11. c4 a5 12. Nbd2 Na6 13. Bc3 Bd7 14.
c5 Ba7 15. Nc4 axb4 16. axb4 Bb5 17. Na5 Bxe2 18. Qxe2 Qc8 19. Nxb7 Nxc5 20. Nxc5 dxc5 21. Nxe5 Re8 22. Qh5 Rf8 23. bxc5 Bxc5 24. Rxa8 Qxa8 25. Nd7 Qa3 26. Nxf8 Qxc3 27. Nd7 Bd4 28. Qe2 Ng6 29. g3 Qb4 30. Kg2 Qd6 31. Rd1 Bxf2 32. Qxf2 Qxd7 33.
Qc5 Ne5 34. Qc3 Qe7 35. Rc1 Ng4 36. Qf3 Nf6 37. Re1 Nxd5 38. Rd1 Nf6 39. Rd4 c5 40. Rc4 Qe5 41. Qd3 g6 42. h3 Kg7 43. Kf3 Qe6 44. Kg2 Nd7 45. Qc3+ Kh7 46. Ra4 Nf6 47. Qc4 Qe5 48.
Qxf7+ 1-0

[Event "Early-Titled-Tuesday-Blitz-February-06-2024"]
[Site "Chess.com"]
[Date "2024.02.06"]
[Round "8"]
[White "GianmarcoVaR"]
[Black "Iball95"]
[Result "1-0"]
[WhiteElo "2693"]
[BlackElo "2891"]
[TimeControl "180+1"]
[EndTime "9:28:54 PST"]
[Termination "GianmarcoVaR won by resignation"]

1. e4 c5 2. Nf3 e6 3. g3 d5 4. exd5 exd5 5. Bg2 Nc6 6. O-O Nf6 7. d4 Be7 8. dxc5 Bxc5 9. Re1+ Be6 10. Nbd2 O-O 11. Nb3 Bb6 12. Be3 Re8 13. c3 h6 14.
Qd3 Ne4 15. Rad1 Rc8 16. Bxb6 Qxb6 17. Nfd4 Ne5 18. Qb5 Qc7 19. f3 Nd6 20. Qa5 b6 21.
Qa6 Nec4 22. Nxe6 fxe6 23. Re2 Kh8 24. Bh3 Qf7 25. Rf1 Rcd8 26. Nd4 Nf5 27. Bxf5 exf5 28. Rfe1 Rxe2 29. Rxe2 Re8 30. b3 Rxe2 31. Nxe2 Qe7 32.
bxc4 Qxe2 33. Qc8+ Kh7 34. Qxf5+ Kh8 35. Qc8+ Kh7 36.
Qf5+ Kh8 37. cxd5 Qe1+ 38. Kg2 Qxc3 39. Qf8+ Kh7 40. Qf5+ Kh8 41. Kh3 Qd4 42. Qf8+ Kh7 43. Qf5+ Kh8 44. Qe6 Qc4 45. Qe8+ Kh7 46. Qe4+ Qxe4 47.
fxe4 Kg6 48. Kg4 b5 49. Kf4 a5 50. Ke3 Kf6 51. Kd4 b4 52. e5+ Kf5 53. e6 a4 54. e7 b3 55. axb3 1-0

[Event "Early-Titled-Tuesday-Blitz-February-06-2024"]
[Site "Chess.com"]
[Date "2024.02.06"]
[Round "8"]
[White "ValentinDragnev"]
[Black "FairChess_on_YouTube"]
[Result "0-1"]
[WhiteElo "2763"]
[BlackElo "3066"]
[TimeControl "180+1"]
[EndTime "9:28:55 PST"]
[Termination "FairChess_on_YouTube won by resignation"]

1. d4 Nf6 2. Nf3 e6 3. Bf4 b6 4. e3 Bb7 5. h3 Bd6 6. Bxd6 cxd6 7. Be2 d5 8. O-O O-O 9. c4 dxc4 10. Bxc4 Nc6 11. Nc3 Rc8 12. Qe2 Ne7 13. Ba6 Qc7 14. Rac1 Qb8 15. Bxb7 Qxb7 16. Nb5 Qa6 17. b3 Ne4 18. a4 Qb7 19. Nd2 Nxd2 20. Qxd2 Nf5 21. d5 a6 22. Nc3 b5 23. e4 Ne7 24. axb5 axb5 25. d6 Ng6 26. Qd4 Nf4 27. Qe3 e5 28. g3 b4 29. Na4 Ne6 30. Rxc8 Rxc8 31. Rc1 Rxc1+ 32. Qxc1 h5 33. Qc4 h4 34. Nc5 Qc6 35. Nd3 Qxc4 36. bxc4 b3 37. Kf1 hxg3 38. fxg3 Nc5 39.
Nb2 Nxe4 40. g4 Nxd6 41. Ke2 Ne4 42. Ke3 Nc5 43. Kd2 g6 44. g5 Ne4+ 45. Ke3 Nxg5 46. c5 Ne6 47. Nd3 Nxc5 0-1

[Event "Early-Titled-Tuesday-Blitz-February-06-2024"]
[Site "Chess.com"]
[Date "2024.02.06"]
[Round "8"]
[White "FM_VS99"]
[Black "eightbyeightchess"]
[Result "0-1"]
[WhiteElo "2606"]
[BlackElo "2390"]
[TimeControl "180+1"]
[EndTime "9:28:55 PST"]
[Termination "eightbyeightchess won by resignation"]

1. d4 d5 2. Nf3 c5 3. c4 Nf6 4.
cxd5 cxd4 5. Qxd4 Qxd5 6. Nc3 Qxd4 7. Nxd4 a6 8. Bf4 Nbd7 9. Bc7 g6 10. g3 Bg7 11. Bg2 O-O 12. O-O Ne8 13. Bd8 Bxd4 14. Bxe7 Nb6 15. Bxf8 Kxf8 16. Rad1 Bf6 17. f4 Nc4 18.
Nd5 Bxb2 19. e4 Bg4 20. Rb1 b5 21. h3 Be2 22. Rfe1 Bd3 23. Rxb2 Nxb2 24. e5 Rc8 25.
Nb4 a5 26. Nc6 Nc4 27. Rd1 Bf5 28. Kf2 Rc7 29. g4 Bd7 30. Nd4 Ng7 31. Re1 Ne6 32. Ne2 Bc6 33. f5 gxf5 34. gxf5 Bxg2 35. Kxg2 Nc5 36.
Nf4 b4 37. f6 a4 38. Kf3 b3 39.
axb3 axb3 40. Rd1 Nxe5+ 41. Ke3 Ned7 42. Ra1 Nxf6 43. Kd4 b2 44. Rb1 Na4 45. Nd3 Rc2 46. Ke5 Rd2 0-1